 Dungeon Crawl Stone Soup version 0.19-a0-1653-g922d709 (webtiles) character file.

122 TheGoonsmith the Ruffian (level 4, -7/45 HPs)
             Began as a Troll Monk on Sept 19, 2016.
             Mangled by Menkaure (19 damage)
             ... on level 4 of the Dungeon.
             The game lasted 00:03:14 (2057 turns).

TheGoonsmith the Ruffian (Troll Monk)               Turns: 2057, Time: 00:03:14

Health: -7/45      AC:  5    Str: 19    XL:     4   Next: 78%
Magic:  3/3        EV: 10    Int:  6    God:
Gold:   190        SH:  0    Dex: 13    Spells: 0 memorised, 3 levels left

rFire  . . .     SeeInvis .       - Unarmed
rCold  . . .     Gourm    +     a - +0 robe
rNeg   . . .     Faith    .     (no shield)
rPois  .         Spirit   .     (helmet restricted)
rElec  .         Dismiss  .     (no cloak)
rCorr  .         Reflect  .     (gloves unavailable)
MR     .....     Harm     .     (boots unavailable)
Stlth  +.........               (no amulet)
                                (no ring)
                                (no ring)

@: no status effects
A: unfitting armour, claws 3, fast metabolism 3, gourmand, regeneration 1,
shaggy fur 1, tough skin 2
a: no special abilities


You were on level 4 of the Dungeon.
You were very full.

You visited 1 branch of the dungeon, and saw 4 of its levels.

You collected 190 gold pieces.

Inventory:

Armour
 a - a +0 robe (worn)
Jewellery
 r - a +5 ring of strength {unknown}
Scrolls
 d - 3 scrolls of remove curse {unknown}
 f - 2 scrolls of identify {unknown}
 g - 2 scrolls of teleportation {unknown}
 h - a scroll of enchant armour {unknown}
 o - a scroll of amnesia {unknown}
 p - a scroll of immolation {unknown}
 w - a scroll of fog {unknown}
Potions
 c - 2 potions of ambrosia {unknown}
 e - 2 potions of degeneration {unknown}
 j - a potion of agility {unknown}
 k - a potion of brilliance {unknown}
 n - a potion of haste {unknown}
 q - a potion of magic {unknown}
 t - a potion of mutation {unknown}
 u - a potion of cure mutation {unknown}
 v - 2 potions of curing {unknown}
Comestibles
 b - 5 bread rations
 i - a meat ration
 l - 4 fruits
 m - a royal jelly
 s - a chunk of flesh


   Skills:
 + Level 3.1 Fighting
 - Level 2.4 Dodging
 - Level 1.1 Stealth
 * Level 5.0 Unarmed Combat


You had 3 spell levels left.
You didn't know any spells.

Dungeon Overview and Level Annotations

Branches:
Dungeon (4/15)
 Temple: D:4-7

Altars:
Hepliaklqana

Annotations:
D:4 Menkaure


Innate Abilities, Weirdness & Mutations

You are too large for most types of armour.
You have claws for hands.
Your metabolism is lightning-fast.
You like to eat raw meat.
Your natural rate of healing is unusually fast.
You are covered in fur. (AC +1)
You have very tough skin. (AC +2)


Message History

The adder is almost dead.
The adder bites you but does no damage.
You claw the adder!
You kill the adder!
Your Unarmed Combat skill increases to level 5!
No target in view!
No target in view!
w - a scroll labeled UGOUCL NAUNA Menkaure, Prince of Dust comes into view.
You see here a tiny citrine amulet.
Menkaure calls on the powers of darkness!
Your body is wracked with pain!
Menkaure hits you!
* * * LOW HITPOINT WARNING * * *
You claw Menkaure!
Menkaure is heavily damaged.
You scratch Menkaure.
Menkaure is heavily damaged.
Menkaure hits you!!
You die...

### #.. #.# #.# #.# ##'##
##+### #...# #....#
######...######.M..#
.....'...'....+.@..+
######...######....#
#...######....#
#...'....#....#
#...####.#"...# ### #...#
#.#....# ..# #...# #.#...%+
#.####...####.#....####.###
....................†......


You could see Menkaure.

Vanquished Creatures
  4 adders
  A worm (D:2)
  2 dart slugs
  A leopard gecko (D:2)
  4 orcs (D:3)
  5 giant cockroaches
  7 goblins
  11 hobgoblins
  4 jackals (D:2)
  3 quokkas
  8 bats
  6 frilled lizards
  8 kobolds
  6 rats
70 creatures vanquished.

Notes
Turn   | Place    | Note
-------+----------+-------------------------------------------
     0 | D:1      | TheGoonsmith the Troll Monk began the quest for the Orb.
     0 | D:1      | Reached XP level 1. HP: 22/22 MP: 0/0
   210 | D:1      | Reached XP level 2. HP: 29/29 MP: 1/1
   657 | D:2      | Reached skill level 4 in Unarmed Combat
   659 | D:2      | Reached XP level 3. HP: 36/36 MP: 2/2
   810 | D:2      | Found a faded altar of an unknown god.
   970 | D:2      | Found a hazy altar of Hepliaklqana.
  1111 | D:2      | Reached XP level 4. HP: 41/44 MP: 3/3
  2044 | D:4      | Reached skill level 5 in Unarmed Combat
  2050 | D:4      | Noticed Menkaure
  2057 | D:4      | Mangled by Menkaure

Vault maps used:
D:1:      dpeg_arrival_lava_temple_mockup, minmay_tromino_v4_a
D:2:      marbit_many_paths, ecumenical_altar_2, first_bread,
          minmay_misc_feat_roman, feat_on_display
D:4:      uniq_menkaure

Skill      XL: |  1  2  3  4 |
---------------+-------------+-----
Unarmed Combat | 4 5 |  5.0
Fighting       | 3 |  3.1
Dodging        | |  2.4
Stealth        | |  1.1

Action                   |  1- 3 |  4- 6 || total
-------------------------+-------+-------++-------
Melee: Unarmed           |   112 |    49 ||   161
       Punch             |     1 |       ||     1
 Stab: Sleeping          |     6 |     1 ||     7
       Distracted        |     1 |       ||     1
  Eat: Chunk             |    16 |     7 ||    23
Armor: Robe              |    29 |    20 ||    49
Dodge: Dodged            |    46 |    20 ||    66
